 Dungeon Crawl Stone Soup version 0.30-a0-1043-g60ff8d5f49 (webtiles) character file.

Game seed: 18370993525755162811

35 waylaid77 the Grave Robber (level 3, 0/19 HPs)
             Began as a Deep Elf Necromancer on Apr 10, 2023.
             Succumbed to an adder's poison
             ... on level 2 of the Dungeon on Apr 11, 2023.
             The game lasted 00:22:08 (765 turns).

waylaid77 the Grave Robber (Deep Elf Necromancer)    Turns: 765, Time: 00:22:08

Health: 0/19       AC:  2    Str:  5    XL:     3   Next: 17%
Magic:  8/9        EV: 13    Int: 19    God:
Gold:   90         SH:  0    Dex: 17    Spells: 7/8 levels left

rFire   . . .      SeeInvis .    d - +0 dagger
rCold   . . .      Faith    .    (no shield)
rNeg    . . .      Spirit   .    a - +0 robe
rPois   .          Reflect  .    (no helmet)
rElec   .          Rampage  .    (no cloak)
rCorr   .                        (no gloves)
Will    .....                    (no boots)
Stlth   ++                       (no amulet)
HPRegen 0.23/turn                (no ring)
MPRegen 0.11/turn                (no ring)

@: lethally poisoned (0 -> -4)
A: no striking features
a: no special abilities


You were on level 2 of the Dungeon.
You visited 1 branch of the dungeon, and saw 2 of its levels.

You collected 90 gold pieces.

Inventory:

Hand Weapons
 d - a +0 dagger (weapon)
Missiles
 j - 5 poisoned darts
Armour
 a - a +0 robe (worn)
 c - a +0 robe
 f - a +0 buckler
Scrolls
 h - 2 scrolls of identify
 k - a scroll of summoning
 l - a scroll of fear {unknown}
Potions
 b - a potion of magic
 g - a potion of brilliance
 i - a potion of flight {unknown}


   Skills:
 + Level 0.3 Fighting
 + Level 0.1 Short Blades
 + Level 2.6 Dodging
 + Level 2.4 Stealth
 + Level 3.4 Spellcasting
 + Level 5.7 Necromancy


You had 7 spell levels left.
You knew the following spells:

 Your Spells              Type           Power      Damage    Failure   Level
a - Necrotise             Necr           96%        1d8       1%          1

Your spell library contained the following spells:

 Spells                   Type           Power      Damage    Failure   Level
 Vampiric Draining        Necr           24%        2d7       4%          3
 Animate Dead             Necr           24%        N/A       14%         4
 Lesser Beckoning         Tloc           6%         N/A       22%         2
 Agony                    Necr           24%        N/A       36%         5
 Gell's Gravitas          Tloc           3%         N/A       41%         3
 Teleport Other           Tloc           3%         N/A       41%         3
 Summon Forest            Summ/Tloc      1%         N/A       99%         5
 Eringya's Noxious Bog    Tmut/Pois      1%         N/A       100%        6
 Summon Hydra             Summ           1%         N/A       100%        7


Dungeon Overview and Level Annotations

Branches:
Dungeon (2/15)

Altars:


Message History

The adder closely misses you. The adder misses you.
The adder attacks as you move away! The adder closely misses you.
You closely miss the adder.
The adder is lightly wounded.
The adder bites you.
You closely miss the adder.
The adder is lightly wounded.
The adder misses you. The adder closely misses you.
You hit the adder but do no damage.
The adder is lightly wounded.
The adder bites you but does no damage.
You miss the adder.
The adder is lightly wounded.
The adder bites you.
You closely miss the adder.
The adder is lightly wounded.
The adder bites you.
You are poisoned.
The adder poisons you!
You hit the adder.
The adder is moderately wounded.
You feel sick. The adder closely misses you. The adder bites you.
You are lethally poisoned!
The adder poisons you!
You barely miss the adder.
The adder is lightly wounded.
* * * LOW HITPOINT WARNING * * *
You feel very sick. The adder barely misses you.
You hit the adder but do no damage.
The adder is lightly wounded.
* * * LOW HITPOINT WARNING * * *
You feel sick. The adder misses you.
You hit the adder.
The adder is moderately wounded.
* * * LOW HITPOINT WARNING * * *
You feel sick. The adder bites you but does no damage.
You barely miss the adder.
The adder is moderately wounded.
You die...

##.####.###[###.###
#...###.# #>....$..
.........###.######.
###>..###...#.#####..
##.##..............
#........#.####...
#.#####.# #S# #@# #.#
#.. ####


You could see an adder.

Vanquished Creatures
  4 ball pythons
  An endoplasm (D:1)
  A giant cockroach (D:1)
  A goblin (D:1)
  4 hobgoblins (D:1)
  A quokka (D:1)
  5 bats
  5 frilled lizards
  A kobold (D:1)
  5 rats
28 creatures vanquished.

Vanquished Creatures (collateral kills)
  2 ball pythons (D:1)
  2 endoplasms (D:1)
  A hobgoblin (D:1)
  A goblin (D:2)
  A rat (D:1)
7 creatures vanquished.

Grand Total: 35 creatures vanquished

Notes
Turn   | Place    | Note
-------+----------+-------------------------------------------
     0 | D:1      | waylaid77 the Deep Elf Necromancer began the quest for the
                  | Orb.
     0 | D:1      | Reached XP level 1. HP: 10/10 MP: 6/6
    39 | D:1      | Reached skill level 5 in Necromancy
   128 | D:1      | Reached XP level 2. HP: 15/15 MP: 4/8
   571 | D:1      | Found a faded altar of an unknown god.
   578 | D:1      | Reached XP level 3. HP: 19/19 MP: 4/9
   765 | D:2      | Succumbed to an adder's poison

Illustrated notes

Levels and vault maps discovered:
D:1:      dpeg_arrival_windows_large_door, layout_basic,
          shapermc_ecumenical_altar_pompeii
D:2:      layout_loops_ring, minmay_misc_feat_tower

Skill      XL: |  1 |
---------------+----+-----
Necromancy     | 5 |  5.7
Fighting       | |  0.3
Short Blades   | |  0.1
Dodging        | |  2.6
Stealth        | |  2.4
Spellcasting   | |  3.4

Action                     || total
---------------------------++-------
  Melee: Unarmed           ||    11
         Punch             ||     2
         Dagger            ||    34
   Cast: Necrotise         ||    30
    Use: Potion            ||     3
         Scroll            ||     2
 Armour: Robe              ||    10
  Dodge: Dodged            ||    55

Table legend: (Time is in decaauts)
 A = Elapsed time spent in this place.
 B = Non-inter-level travel time spent in this place.
 C = Inter-level travel time spent in this place.
 D = Time resting spent in this place.
 E = Time spent auto-exploring this place.
 F = Levels seen in this place.
 G = Mean time per level.
                   A        B        C        D        E       F      G
               +--------+--------+--------+--------+--------+-----+--------+
         Total |    764 |    764 |      0 |      0 |      0 |   2 |  382.0 |
       Dungeon |    764 |    764 |      0 |      0 |      0 |   2 |  382.0 |
               +--------+--------+--------+--------+--------+-----+--------+

Top non-repeatable levels by time:
     D:1: 676 daAuts
     D:2: 87 daAuts
